 Dungeon Crawl Stone Soup version 0.30.1-1-g62c8e00024 (webtiles) character file.

Game seed: 8781275819730722668

968 Arctor the Magician (level 7, -1/38 HPs)
             Began as a Deep Elf Air Elementalist on July 16, 2023.
             Was a Follower of Vehumet.
             Slain by a centaur (3 damage)
             ... on level 6 of the Dungeon.
             The game lasted 00:13:03 (5863 turns).

Arctor the Magician (Deep Elf Air Elementalist)     Turns: 5863, Time: 00:13:04

Health: -1/38      AC:  2    Str:  5    XL:     7   Next: 93%
Magic:  12/17      EV: 20    Int: 31    God:    Vehumet [*.....]
Gold:   531        SH:  0    Dex: 18    Spells: 3/17 levels left

rFire   . . .        y - +1 dagger (venom)
rCold   . . .        (no shield)
rNeg    . . .        B - +0 robe of the Wasteland {rElec Int+3 Dex+3}
rPois   .            (no helmet)
rElec   +            m - scarf {+Inv}
rCorr   .            (no gloves)
SInv    .            (no boots)
Will    .....        (no amulet)
Stlth   +++          d - +6 ring of intelligence
HPRegen 0.26/turn    i - +5 ring of evasion
MPRegen 0.15/turn

%: no passive effects
@: no status effects
A: no striking features
a: Renounce Religion, Evoke Invisibility


You were on level 6 of the Dungeon.
You worshipped Vehumet.
Vehumet was aware of your devotion.
You visited 2 branches of the dungeon, and saw 7 of its levels.
You also visited: Sewer.

You collected 1545 gold pieces.
You spent 1014 gold pieces at shops.

Inventory:

Hand Weapons
 y - a +1 dagger of venom (weapon)
Missiles
 x - 2 throwing nets
Armour
 a - a +1 robe
 m - a scarf of invisibility (worn)
 w - the +1 robe "Kyhirume" {rPois rC+ Will- Str+3}
   (You found it on level 3 of the Dungeon)

   Str:       It affects your strength (+3).
   rC:        It protects you from cold.
   rPois:     It protects you from poison.
   Will:      It decreases your willpower.
 B - the +0 robe of the Wasteland (worn) {rElec Int+3 Dex+3}
   (You found it on level 5 of the Dungeon)

   Int:       It affects your intelligence (+3).
   Dex:       It affects your dexterity (+3).
   rElec:     It insulates you from electricity.
Jewellery
 d - a +6 ring of intelligence (left hand)
 e - a ring of see invisible
 i - a +5 ring of evasion (right hand)
Scrolls
 c - 5 scrolls of teleportation
 f - 3 scrolls of blinking
 p - a scroll of magic mapping
 q - a scroll of noise
 r - a scroll of summoning
 A - 3 scrolls of brand weapon {unknown}
Potions
 b - a potion of magic
 g - 2 potions of degeneration
 h - 3 potions of brilliance
 j - a potion of ambrosia
 k - 2 potions of resistance
 l - 2 potions of mutation {unknown}
 n - 4 potions of flight
 o - a potion of cancellation {unknown}
 s - a potion of heal wounds {unknown}
 t - a potion of attraction {unknown}
 u - a potion of might {unknown}
 v - 3 potions of curing
 z - a potion of lignification {unknown}
 C - a potion of berserk rage {unknown}


   Skills:
 - Level 1.2 Fighting
 + Level 5.2 Dodging
 + Level 5.5 Stealth
 + Level 5.8 Spellcasting
 + Level 4.1 Conjurations
 + Level 2.4 Summonings
 + Level 4.7 Air Magic


You had 3 spell levels left.
You knew the following spells:

 Your Spells              Type           Power      Damage    Failure   Level
a - Shock                 Conj/Air       100%       1d9       1%          1
b - Static Discharge      Conj/Air       72%        2-5/arc   1%          2
c - Swiftness             Air            38%        N/A       2%          3
d - Airstrike             Air            19%        2d(3-19)  7%          4
e - Summon Lightning Spi  Summ/Air       31%        N/A       12%         4

Your spell library contained the following spells:

 Spells                   Type           Power      Damage    Failure   Level
 Foxfire                  Conj/Fire      84%        2x1d8     2%          1
 Magic Dart               Conj           100%       1d8       1%          1
 Summon Small Mammal      Summ           96%        N/A       1%          1
 Call Imp                 Summ           48%        N/A       2%          2
 Apportation              Tloc           18%        N/A       4%          1
 Beastly Appendage        Tmut           18%        N/A       4%          1
 Necrotise                Necr           36%        1d5       4%          1
 Cigotuvi's Dreadful Rot  Necr/Pois/Air  36%        N/A       4%          2
 Mephitic Cloud           Conj/Pois/Air  27%        N/A       4%          3
 Lesser Beckoning         Tloc           18%        N/A       8%          2
 Gell's Gravitas          Tloc           9%         N/A       16%         3
 Teleport Other           Tloc           9%         N/A       16%         3
 Ice Form                 Ice/Tmut       9%         N/A       45%         4
 Petrify                  Tmut/Erth      9%         N/A       45%         4
 Blade Hands              Tmut           4%         N/A       80%         5
 Yara's Violent Unravell  Hex/Tmut       4%         3d4       80%         5
 Eringya's Noxious Bog    Tmut/Pois      4%         N/A       100%        6
 Summon Hydra             Summ           12%        N/A       100%        7
 Infestation              Necr           4%         N/A       100%        8


Dungeon Overview and Level Annotations

Branches:
Dungeon (6/15)             Temple (1/1) D:5           Sewer (visited)

Altars:
Ashenzari
Cheibriados
Dithmenos
Fedhas
Gozag
Hepliaklqana
Kikubaaqudgha
Makhleb
Nemelex Xobeh
Qazlal
Ru
Sif Muna
Vehumet
Xom
The Shining One

Shops:
D:3 !   D:5 :


Message History

The floor.
Casting: Shock (safe; 1% risk of failure)
Confirm with . or Enter, or press ? or * to list all spells.
Aiming: Shock (safe; 1% risk of failure)
Press: ? - help, Shift-Dir - straight line, f - centaur
Aim: a centaur (wandering, hasn't noticed you, 84% to hit)
The zap hits the centaur.
The centaur is lightly wounded.
The centaur wields a +0 shortbow.
The centaur shoots an arrow.
The arrow misses you.
Casting: Shock (safe; 1% risk of failure)
Confirm with . or Enter, or press ? or * to list all spells.
Aiming: Shock (safe; 1% risk of failure)
Press: ? - help, Shift-Dir - straight line, f/p - centaur
Aim: a centaur, wielding a +0 shortbow (lightly wounded, 84% to hit)
The zap hits the centaur.
The centaur is lightly wounded.
The centaur shoots an arrow.
The arrow completely misses you.
The centaur shoots an arrow.
The arrow completely misses you.
Casting: Shock (safe; 1% risk of failure)
Confirm with . or Enter, or press ? or * to list all spells.
Aiming: Shock (safe; 1% risk of failure)
Press: ? - help, Shift-Dir - straight line, f/p - centaur
Aim: a centaur, wielding a +0 shortbow (lightly wounded, 84% to hit)
The zap misses the centaur.
The centaur shoots an arrow.
The arrow hits you!
Casting: Shock (safe; 1% risk of failure)
Confirm with . or Enter, or press ? or * to list all spells.
Aiming: Shock (safe; 1% risk of failure)
Press: ? - help, Shift-Dir - straight line, f/p - centaur
Aim: a centaur, wielding a +0 shortbow (lightly wounded, 84% to hit)
The zap hits the centaur.
The centaur is moderately wounded.
The centaur shoots an arrow.
The arrow closely misses you.
The centaur shoots an arrow.
The arrow barely misses you.
The centaur shoots an arrow.
The arrow hits you!
The centaur shoots an arrow.
The arrow hits you!
* * * LOW HITPOINT WARNING * * *
The centaur unwields a +0 shortbow.
The centaur misses you. The centaur kicks you.
You die...

#.#.##.#
#.#[##.#
#..)...#
###.####
#<...#
########.##.#
..........#.#
########..#.#
#)@.#.#
.......c...#
.#####.#...#
.. ..... #..
(....# ###
####..# ..#
.#


You could see a centaur.

Vanquished Creatures
  2 water moccasins (D:5)
  A black bear (D:4)
  A bullfrog (Sewer)
  3 scorpions (D:5)
  A jelly (D:5)
  2 orc priests (D:4)
  2 hounds (D:5)
  An iguana (D:4)
  An orc wizard (D:3)
  A gnoll (D:2)
  9 adders
  A shadow imp (D:5)
  A white imp (D:6)
  2 worms
  12 orcs
  8 bats
  7 endoplasms
  12 giant cockroaches
  10 goblins
  6 hobgoblins
  4 quokkas
  12 ball pythons
  11 frilled lizards
  10 kobolds
  7 rats
127 creatures vanquished.

Notes
Turn   | Place    | Note
-------+----------+-------------------------------------------
     0 | D:1      | Arctor the Deep Elf Air Elementalist began the quest for
                  | the Orb.
     0 | D:1      | Reached XP level 1. HP: 10/10 MP: 6/6
    25 | D:1      | Found a faded altar of an unknown god.
   224 | D:1      | Reached XP level 2. HP: 15/15 MP: 5/8
   589 | D:1      | Learned a level 2 spell: Static Discharge
   876 | D:1      | Reached XP level 3. HP: 19/19 MP: 6/9
   966 | D:1      | Learned a level 3 spell: Swiftness
  1277 | D:2      | Found a sparkling altar of Nemelex Xobeh.
  1691 | D:3      | Reached XP level 4. HP: 24/24 MP: 9/11
  1758 | D:3      | Learned a level 4 spell: Airstrike
  1967 | D:3      | Found Cumeocei's Distillery.
  2602 | D:3      | Identified the +1 robe "Kyhirume" {rPois rC+ Will- Str+3}
  2974 | D:4      | Reached XP level 5. HP: 28/28 MP: 7/13
  3110 | D:4      | Got the Quarto of Sidekicks and the Mortuary
  3278 | D:4      | Reached skill level 1 in Fighting
  3372 | D:4      | Noticed a black bear
  3379 | D:4      | Killed a black bear
  3380 | D:4      | Reached XP level 6. HP: 28/34 MP: 6/14
  3551 | D:4      | Learned a level 4 spell: Summon Lightning Spire
  3914 | D:5      | Entered Level 5 of the Dungeon
  4017 | D:5      | Found a staircase to the Ecumenical Temple.
  4051 | Temple   | Entered the Ecumenical Temple
  4228 | Temple   | Became a worshipper of Vehumet
  4398 | D:5      | Noticed a water moccasin
  4407 | D:5      | Killed a water moccasin
  4408 | D:5      | Reached skill level 5 in Spellcasting
  4408 | D:5      | Reached skill level 1 in Summonings
  4408 | D:5      | Reached XP level 7. HP: 29/38 MP: 7/16
  4481 | D:5      | Identified the +0 robe of the Wasteland {rElec Int+3 Dex+3}
  4525 | D:5      | Reached skill level 5 in Stealth
  4659 | D:5      | Reached skill level 5 in Dodging
  4758 | D:5      | Found Raroop's Tremendous Tomes.
  4771 | D:5      | Identified a scroll of acquirement
  4771 | D:5      | Acquired 1215 gold pieces
  4773 | D:5      | Bought the Papyrus of Evolved Gases for 1014 gold pieces
  5100 | D:6      | Found a glowing drain.
  5118 | Sewer    | Entered a sewer
  5323 | Sewer    | Reached * piety under Vehumet
  5323 | Sewer    | Offered knowledge of Foxfire by Vehumet.
  5863 | D:6      | Slain by a centaur

Illustrated notes

Levels and vault maps discovered:
D:1:      tarquinn_simple_flora_water_b, layout_basic,
          ebering_ecumenical_altar_sacrificial, minmay_liquid_box,
          roderic_roman_lattice, minmay_vboxes
D:2:      layout_basic, basic_altar
D:3:      layout_rooms, serial_shops, nicolae_shop_behind_doors,
          serial_co_window_serial, co_window_paths_a, co_window_cross_1,
          co_window_paths_a, co_window_paths_a, co_window_corner_a,
          co_window_corner_ca, co_window_broadway_c, co_window_corner_ca,
          co_window_broadway_a, co_window_cross_3, co_window_of_opportunity_b,
          glass_columns_c, glass_columns_c, glass_columns_a, glass_columns_b,
          glass_columns_c
D:4:      layout_basic
D:5:      layout_basic, minmay_temple_entry_arrows,
          nicolae_shop_i_like_big_books
D:6:      layout_basic, cheibrodos_sewer_entry_bend, lemuel_flame_loot_1,
          uniq_blork_the_orc
Temple:   bh_familiar_temple

Skill      XL: |  1  2  3  4  5  6  7 |
---------------+----------------------+-----
Stealth        | 3 4 5 |  5.5
Dodging        | 3 4 5 |  5.2
Conjurations   | 2 3 4 |  4.1
Spellcasting   | 4 5 |  5.8
Fighting       | 1 |  1.2
Air Magic      | 4 |  4.7
Summonings     | 1 2 |  2.4

Action                     |  1- 3 |  4- 6 |  7- 9 || total
---------------------------+-------+-------+-------++-------
  Melee: Unarmed           |     1 |     4 |       ||     5
         Dagger            |       |       |     5 ||     5
   Cast: Shock             |    79 |   135 |    68 ||   282
         Static Discharge  |       |       |     7 ||     7
    Use: Scroll            |       |     5 |     7 ||    12
         Potion            |       |       |     2 ||     2
 Armour: Robe              |     1 |     5 |     3 ||     9
  Dodge: Dodged            |    14 |    20 |    28 ||    62
